Map: Golden Wall LE

Players

antagomiR - Winner!

  • Race: Protoss Protoss
  • League: Gold
  • Spawn Location: 5:00

VOD

Have the link to the VOD?

Description

Time

  • Played on: April 18, 2020, 8:34 p.m.
  • Length: 21:22
Show
View Real Time Build Order
Export as new Build Order

antagomiR Protoss - Winner!

Build Orders:  

Get SALT Encoding   

  12  0:04  Probe (Chrono Boost)  
  14  0:20  Probe (Chrono Boost)  
  14  0:29  Pylon  
  14  0:37  Probe (Chrono Boost)  
  15  0:54  Probe (Chrono Boost)  
  15  0:56  Gateway  
  16  1:05  Probe (Chrono Boost)  
  17  1:13  Assimilator  
  17  1:17  Probe (Chrono Boost)  
  18  1:34  Assimilator  
  18  1:36  Probe (Chrono Boost)  
  19  1:53  Probe (Chrono Boost)  
  21  2:10  Probe (Chrono Boost), Cybernetics Core  
  21  2:15  Gateway  
  21  2:47  Probe (Chrono Boost)  
  22  3:08  Pylon  
  23  3:11  Probe (Chrono Boost)  
  22  3:28  Probe (Chrono Boost)  
  23  3:38  Stargate  
  27  3:45  Probe (Chrono Boost)  
  28  3:59  Nexus  
  28  4:09  Pylon  
  28  4:15  Unknown x2  
  29  4:20  Probe (Chrono Boost)  
  29  4:37  Probe (Chrono Boost)  
  29  4:38  Phoenix, Warp Gate  
  32  4:50  Stargate  
  32  4:54  Probe (Chrono Boost)  
  33  5:02  Pylon  
  34  5:11  Probe (Chrono Boost)  
  36  5:21  Phoenix  
  38  5:32  Pylon  
  38  5:39  Probe (Chrono Boost)  
  39  5:45  Probe (Chrono Boost)  
  40  5:50  Phoenix (Chrono Boost)  
  40  5:53  Unknown  
  40  5:56  Probe (Chrono Boost)  
  43  6:04  Probe (Chrono Boost)  
  43  6:08  Phoenix (Chrono Boost)  
  44  6:11  Probe (Chrono Boost)  
  47  6:23  Phoenix (Chrono Boost)  
  47  6:26  Probe  
  47  6:27  Probe  
  51  6:43  Probe  
  51  6:44  Probe  
  55  6:51  Phoenix (Chrono Boost)  
  55  7:08  Probe x2  
  57  7:25  Probe x2  
  63  7:33  Phoenix x2 (Chrono Boost)  
  63  7:47  Pylon  
  63  7:48  Probe x2  
  63  7:49  Pylon  
  65  7:52  Assimilator  
  65  7:53  Pylon  
  65  7:57  Assimilator  
  65  9:08  Phoenix (Chrono Boost)  
  65  9:09  Phoenix (Chrono Boost)  
  71  9:43  Phoenix (Chrono Boost)  
  71  11:46  Robotics Facility  
  71  11:52  Robotics Facility  
  71  11:55  Robotics Facility  
  71  12:55  Probe x2  
  71  12:58  Nexus  
  73  13:02  Pylon  
  73  13:04  Pylon  
  73  13:09  Assimilator  
  73  13:12  Probe x2  
  73  13:14  Assimilator  
  75  13:29  Probe x2  
  77  13:46  Probe  
  78  14:19  Immortal x3  
  90  15:14  Immortal x3  
  102  16:06  Probe  
  102  16:07  Probe  
  102  16:09  Immortal x3  
  116  16:10  Probe  
  116  16:17  Fleet Beacon  
  117  16:23  Probe  
  117  16:24  Probe  
  117  16:27  Probe  
  117  16:40  Probe  
  118  17:04  Immortal  
  122  17:17  Pylon  
  122  17:20  Pylon  
  122  17:22  Immortal  
  122  17:24  Pylon  
  122  17:25  Pylon  
  122  17:27  Pylon  
  122  17:30  Carrier (Chrono Boost)  
  122  17:33  Carrier (Chrono Boost)  
  122  17:37  Immortal  
  122  17:39  Pylon  
  124  17:42  Pylon  
  136  17:59  Immortal  
  140  18:17  Immortal  
  144  18:32  Immortal  
  148  18:54  Immortal  
  152  19:03  Carrier (Chrono Boost)  
  152  19:12  Immortal  
  162  19:27  Immortal  
Tags
 
League
Gold
Matchup
Co-op
Replay Pack
20200422
Add a new tag
Caveats
  • Supply blocks, unpowered buildings, or Contaminate may cause inaccurate times.
  • Supply counts are checked every 10 seconds.